 Dungeon Crawl Stone Soup version 0.18.1-50-g88ac8fd (webtiles) character file.

161 Gargoyl the Skirmisher (level 5, -4/42 HPs)
             Began as a Demonspawn Abyssal Knight on Oct 1, 2016.
             Was a Believer of Lugonu.
             Slain by a gnoll
             ... wielding a +2 flail of holy wrath
              (7 damage)
             ... on level 1 of the Dungeon.
             The game lasted 00:04:52 (2091 turns).

Gargoyl the Skirmisher (Demonspawn Abyssal Knight)  Turns: 2091, Time: 00:04:52

Health: -4/42      AC: 11    Str: 13    XL:     5   Next: 18%
Magic:  7/7        EV: 11    Int: 14    God:    Lugonu [**....]
Gold:   66         SH:  0    Dex: 12    Spells: 0 memorised, 4 levels left

rFire  . . .     SeeInvis .     a - +1 hand axe
rCold  . . .     Gourm    .     o - +0 ring mail
rNeg   + . .     Faith    .     (no shield)
rPois  +         Spirit   .     l - +1 hat
rElec  .         Dismiss  .     (no cloak)
rCorr  .         Reflect  .     n - +0 pair of gloves
SustAt .         Harm     .     (no boots)
MR     .....                    (no amulet)
Stlth  ++........               k - ring of poison resistance
                                f - ring of positive energy

@: flying, not resistant to hostile enchantments, unstealthy
A: horns 1, iridescent scales 1, nightstalker 1, wild magic 1
a: Depart the Abyss, Bend Space, Renounce Religion


You were on level 1 of the Dungeon.
You worshipped Lugonu.
Lugonu was pleased with you.
You were not hungry.

You visited 1 branch of the dungeon, and saw 2 of its levels.
You visited the Abyss 1 time.

You collected 66 gold pieces.

Inventory:

Hand Weapons
 a - a +1 hand axe (weapon)
Armour
 l - a +1 hat (worn)
 n - a +0 pair of gloves (worn)
 o - a +0 ring mail (worn)
Jewellery
 f - a ring of positive energy (left hand)
 k - a ring of poison resistance (right hand)
Scrolls
 b - 3 scrolls of identify
 d - a scroll of noise {unknown}
 e - a scroll of enchant weapon {unknown}
 g - a scroll of fear {unknown}
 j - a scroll of teleportation {unknown}
 m - a scroll of fog {unknown}
Comestibles
 c - 3 bread rations
 i - a fruit
 q - a royal jelly
 r - a chunk of flesh


   Skills:
 + Level 4.0 Fighting
 + Level 2.2 Axes
 * Level 2.8 Armour
 + Level 2.1 Dodging
 * Level 3.5 Invocations


You had 4 spell levels left.
You didn't know any spells.

Dungeon Overview and Level Annotations

Branches:
Dungeon (2/15)

Altars:
Qazlal


Innate Abilities, Weirdness & Mutations

You have a pair of small horns on your head.
You are partially covered in iridescent scales (AC +4).
You are slightly more attuned to the shadows.
Your spells are a little harder to cast, but a little more powerful.


Message History

* * * LOW HITPOINT WARNING * * *
You convulse.
* * * LOW HITPOINT WARNING * * *
The gnoll hits you with a whip.
* * * LOW HITPOINT WARNING * * *
Your ring mail prevents you from hitting the gnoll.
Your headbutt misses the gnoll.
The gnoll is moderately wounded.
You closely miss the gnoll.
The gnoll is heavily wounded.
The gnoll barely misses you. x2
Unknown command.
You hit the gnoll.
You headbutt the gnoll, but do no damage.
The gnoll is heavily wounded.
You barely miss the gnoll.
The gnoll is heavily wounded.
The gnoll misses you.
The gnoll hits you with a flail of holy wrath!
You die...

#.##..................
#.##.########.........
#..........##.........
#####......##.........
#...................
#........###........
#...#.#### ###...###
#.g)#.# #...# #..@g.#
#...# #####.# #...#
#.# #...# #.# #...###
#.# #...#.. #.#
#...### ##### #...#
#...# #...# #...#
#...#


You could see 2 gnolls.

Vanquished Creatures
  Natasha (thrice) (D:2)
  Robin (D:2)
  A gnoll (D:1)
  2 adders (D:2)
  A dart slug (D:2)
  A giant gecko (D:1)
  12 goblins
  3 hobgoblins
  6 jackals
  3 kobolds
  2 quokkas
  3 bats (D:1)
  4 giant newts
  3 rats (D:1)
45 creatures vanquished.

Notes
Turn   | Place    | Note
--------------------------------------------------------------
     0 | Abyss:1  | Gargoyl the Demonspawn Abyssal Knight began the quest for the Orb.
     0 | Abyss:1  | Reached XP level 1. HP: 18/18 MP: 2/2
    32 | Abyss:1  | Found a corrupted altar of Lugonu.
    89 | Abyss:2  | Noticed a small abomination
   100 | Abyss:2  | Noticed an insubstantial wisp
   102 | Abyss:2  | Noticed an insubstantial wisp
   110 | Abyss:2  | Noticed an insubstantial wisp
   110 | Abyss:2  | Noticed an insubstantial wisp
   114 | D:1      | Escaped the Abyss
   234 | D:1      | Reached * piety under Lugonu
   234 | D:1      | Reached skill level 1 in Dodging
   449 | D:1      | Gained mutation: You have a pair of small horns on your head. [demonic ancestry]
   449 | D:1      | Reached XP level 2. HP: 22/24 MP: 3/3
  1295 | D:2      | Noticed Natasha
  1311 | D:2      | Killed Natasha
  1311 | D:2      | Gained mutation: You are partially covered in iridescent scales (AC +4). [demonic ancestry]
  1311 | D:2      | Reached XP level 3. HP: 6/30 MP: 3/5
  1648 | D:2      | Noticed Natasha
  1656 | D:2      | Killed Natasha
  1656 | D:2      | Reached XP level 4. HP: 28/37 MP: 6/6
  1820 | D:2      | Found a stormy altar of Qazlal.
  1820 | D:2      | Noticed Robin
  1844 | D:2      | Killed Robin
  1844 | D:2      | Reached ** piety under Lugonu
  1923 | D:2      | Reached skill level 4 in Fighting
  1946 | D:2      | Noticed Natasha
  1958 | D:2      | Killed Natasha
  1958 | D:2      | Gained mutation: You are slightly more attuned to the shadows. [demonic ancestry]
  1958 | D:2      | Reached XP level 5. HP: 30/42 MP: 7/7
  2088 | D:1      | Gained mutation: Your spells are a little harder to cast, but a little more powerful. [potion of beneficial mutation]
  2089 | D:1      | HP: 2/42 [gnoll/whip (2)]
  2091 | D:1      | Slain by a gnoll

Skill      XL: |  1  2  3  4 |
---------------+-------------+-----
Dodging        | 1 2 |  2.1
Armour         | 2 |  2.8
Axes           | 2 |  2.2
Invocations    | 3 |  3.5
Fighting       | 4 |  4.0

Action                   |  1- 3 |  4- 6 || total
-------------------------+-------+-------++-------
Melee: Hand axe          |    79 |    63 ||   142
       Headbutt          |     9 |     3 ||    12
Invok: Depart the Abyss  |     1 |       ||     1
  Use: Scroll            |     2 |       ||     2
       Potion            |     3 |     2 ||     5
  Eat: Chunk             |     2 |     2 ||     4
Armor: Leather armour    |    26 |       ||    26
       Ring mail         |    14 |    46 ||    60
       Skin              |     4 |       ||     4
Dodge: Dodged            |    89 |    69 ||   158
